[ AOE2 MATCH · #507330135 ]
UnrankedCumans vs Teutons
Player's team · LOSS
Rival team · WIN
[ REPLAY ANALYSIS · EXTRACTED FROM THE RECORDED GAME ]
Feudal
10:13
Castle
25:08
Imperial
—
| APM avg | 36.2 |
| APM peak | 76 |
| eAPM avg | 15.5 |
| Villagers / military | 49 / 21 |
Focus
⚔️ 23.9% · 🌾 76.1%
Archer ×21
Feudal
9:22
Castle
22:04
Imperial
—
| APM avg | 46.1 |
| APM peak | 80 |
| eAPM avg | 15.9 |
| Villagers / military | 55 / 6 |
Focus
⚔️ 23.5% · 🌾 76.5%
Knight ×6
Match map
Initial resources + every placement click. Lines = walls · curves = elevation contours. ◆ gold · ⬟ stone · ● berries · ✦ relic · ◌ wall gap
Your base· ✓ Closed at 25:08 · 2t walls · 5 gate(s)
MonoLink's base· ✓ Closed at 22:04 · 0t walls · 3 gate(s)
Smoothed initial terrain · ◌ = detected wall gap · hover for details
Inputs per minute
— th3g3ntl3man - - MonoLink
Build order — th3g3ntl3man
126 actions detected in the replay
| 0:01 | Queue | Villager (Male) |
| 0:01 | Queue | Villager (Male) |
| 0:01 | Queue | Villager (Male) |
| 0:04 | Build | House |
| 0:05 | Build | House |
| 0:14 | Queue | Villager (Male) |
| 1:26 | Queue | Villager (Male) |
| 1:26 | Queue | Villager (Male) |
| 1:50 | Build | Lumber Camp |
| 1:58 | Queue | Villager (Male) |
| 2:14 | Queue | Villager (Male) |
| 2:45 | Queue | Villager (Male) |
| 3:10 | Queue | Villager (Male) |
| 3:25 | Build | House |
| 3:45 | Queue | Villager (Male) |
| 3:46 | Queue | Villager (Male) |
| 3:46 | Queue | Villager (Male) |
| 4:19 | Build | Mill |
| 4:38 | Queue | Villager (Male) |
| 4:38 | Queue | Villager (Male) |
| 4:40 | Queue | Villager (Male) |
| 4:40 | Queue | Villager (Male) |
| 5:20 | Queue | Villager (Male) |
| 5:32 | Build | House |
| 6:04 | Queue | Villager (Male) |
| 6:29 | Queue | Villager (Male) |
| 7:04 | Queue | Villager (Male) |
| 7:16 | Build | Mining Camp |
| 7:38 | Queue | Villager (Male) |
| 8:03 | Research | Feudal Age |
| 8:04 | Research | Feudal Age |
| 8:37 | Build | Barracks |
| 9:16 | Build | House |
| 10:03 | Queue | Villager (Male) |
| 10:13 | Age | Feudal Age |
| 10:16 | Build | Archery Range |
| 10:21 | Build | Blacksmith |
| 10:25 | Queue | Villager (Male) |
| 10:27 | Research | Double-Bit Axe |
| 10:27 | Research | Double-Bit Axe |
| 10:39 | Build | Watch Tower |
| 10:47 | Queue | Villager (Male) |
| 10:53 | Queue | Archer |
| 10:53 | Queue | Archer |
| 10:54 | Queue | Archer |
| 10:59 | Queue | Villager (Male) |
| 11:05 | Research | Fletching |
| 11:05 | Research | Fletching |
| 11:12 | Queue | Villager (Male) |
| 11:12 | Queue | Villager (Male) |
| 11:18 | Queue | Villager (Male) |
| 11:20 | Queue | Villager (Male) |
| 11:29 | Queue | Archer |
| 11:38 | Queue | Villager (Male) |
| 11:52 | Build | Mining Camp |
| 11:54 | Queue | Villager (Male) |
| 12:27 | Queue | Archer |
| 12:27 | Queue | Archer |
| 12:38 | Queue | Villager (Male) |
| 12:45 | Queue | Archer |
| 12:45 | Queue | Archer |
| 12:52 | Build | Market |
| 12:57 | Build | Palisade Wall |
| 13:03 | Build | House |
| 13:05 | Build | House |
| 13:06 | Build | House |
| 13:12 | Build | House |
| 13:16 | Research | Loom |
| 13:28 | Research | Wheelbarrow |
| 13:52 | Queue | Villager (Male) |
| 13:54 | Queue | Villager (Male) |
| 14:02 | Queue | Archer |
| 14:16 | Build | Watch Tower |
| 14:26 | Research | Padded Archer Armor |
| 14:27 | Research | Padded Archer Armor |
| 15:09 | Build | Mining Camp |
| 15:19 | Queue | Villager (Male) |
| 15:41 | Queue | Villager (Male) |
| 16:20 | Queue | Villager (Male) |
| 16:28 | Queue | Villager (Male) |
| 17:16 | Queue | Villager (Male) |
| 17:25 | Queue | Archer |
| 17:26 | Queue | Archer |
| 17:55 | Build | Lumber Camp |
| 17:56 | Queue | Villager (Male) |
| 18:01 | Build | House |
| 18:02 | Build | House |
| 18:07 | Build | Archery Range |
| 18:17 | Build | Palisade Wall |
| 18:20 | Build | House |
| 18:59 | Build | Mill |
| 19:01 | Build | Farm |
| 19:01 | Build | Farm |
| 19:01 | Build | Farm |
| 19:01 | Build | Farm |
| 19:01 | Build | Farm |
| 19:02 | Build | Farm |
| 19:31 | Queue | Archer |
| 19:43 | Queue | Archer |
| 19:51 | Queue | Villager (Male) |
| 19:56 | Build | Farm |
| 20:12 | Queue | Villager (Male) |
| 20:36 | Queue | Villager (Male) |
| 21:01 | Build | House |
| 21:03 | Build | House |
| 22:03 | Build | Outpost |
| 22:28 | Research | Castle Age |
| 22:28 | Research | Castle Age |
| 22:33 | Queue | Archer |
| 22:34 | Queue | Archer |
| 22:34 | Queue | Archer |
| 22:34 | Queue | Archer |
| 23:00 | Queue | Archer |
| 23:01 | Queue | Archer |
| 23:01 | Queue | Archer |
| 23:01 | Queue | Archer |
| 23:40 | Build | Town Center |
| 24:16 | Build | Mining Camp |
| 24:51 | Queue | Villager (Male) |
| 24:51 | Queue | Villager (Male) |
| 24:53 | Queue | Villager (Male) |
| 24:53 | Queue | Villager (Male) |
| 25:08 | Age | Castle Age |
| 25:13 | Research | Bodkin Arrow |
| 25:13 | Research | Bodkin Arrow |
| 25:15 | Queue | Villager (Male) |
Build order — MonoLink
118 actions detected in the replay
| 0:01 | Queue | Villager (Male) |
| 0:01 | Queue | Villager (Male) |
| 0:02 | Build | House |
| 0:03 | Build | House |
| 0:53 | Queue | Villager (Male) |
| 0:53 | Queue | Villager (Male) |
| 1:34 | Queue | Villager (Male) |
| 1:56 | Build | Lumber Camp |
| 2:06 | Queue | Villager (Male) |
| 2:19 | Queue | Villager (Male) |
| 2:58 | Queue | Villager (Male) |
| 3:20 | Queue | Villager (Male) |
| 3:46 | Queue | Villager (Male) |
| 3:52 | Build | House |
| 3:53 | Build | House |
| 4:07 | Queue | Villager (Male) |
| 4:42 | Queue | Villager (Male) |
| 4:53 | Queue | Villager (Male) |
| 5:06 | Queue | Villager (Male) |
| 5:42 | Build | Mill |
| 5:45 | Queue | Villager (Male) |
| 5:56 | Queue | Villager (Male) |
| 5:56 | Queue | Villager (Male) |
| 6:09 | Queue | Villager (Male) |
| 6:36 | Research | Loom |
| 7:07 | Research | Feudal Age |
| 7:44 | Build | Mining Camp |
| 8:16 | Queue | Villager (Male) |
| 8:29 | Queue | Villager (Male) |
| 9:15 | Queue | Villager (Male) |
| 9:22 | Age | Feudal Age |
| 9:25 | Queue | Villager (Male) |
| 9:31 | Research | Double-Bit Axe |
| 9:32 | Queue | Villager (Male) |
| 9:48 | Build | Barracks |
| 9:51 | Queue | Villager (Male) |
| 10:02 | Build | House |
| 10:12 | Build | Watch Tower |
| 10:35 | Build | Watch Tower |
| 10:48 | Queue | Villager (Male) |
| 11:07 | Queue | Villager (Male) |
| 11:15 | Queue | Villager (Male) |
| 11:17 | Build | Blacksmith |
| 11:56 | Build | House |
| 12:02 | Queue | Villager (Male) |
| 12:11 | Research | Fletching |
| 12:46 | Queue | Villager (Male) |
| 12:48 | Build | House |
| 12:52 | Build | Farm |
| 12:53 | Build | Farm |
| 12:55 | Build | Farm |
| 12:57 | Build | Farm |
| 12:59 | Build | Farm |
| 13:17 | Queue | Villager (Male) |
| 13:20 | Build | Farm |
| 13:21 | Build | Farm |
| 13:23 | Build | Farm |
| 13:32 | Build | Watch Tower |
| 13:46 | Queue | Villager (Male) |
| 14:10 | Queue | Villager (Male) |
| 14:16 | Build | Watch Tower |
| 14:18 | Queue | Villager (Male) |
| 14:22 | Build | Farm |
| 14:23 | Build | Farm |
| 15:04 | Queue | Villager (Male) |
| 15:32 | Queue | Villager (Male) |
| 15:34 | Build | Farm |
| 15:40 | Build | Farm |
| 15:41 | Build | Farm |
| 15:43 | Research | Horse Collar |
| 15:50 | Build | Watch Tower |
| 16:05 | Build | Watch Tower |
| 16:19 | Queue | Villager (Male) |
| 16:22 | Queue | Villager (Male) |
| 16:24 | Queue | Villager (Male) |
| 16:47 | Queue | Villager (Male) |
| 16:57 | Queue | Villager (Male) |
| 17:10 | Queue | Villager (Male) |
| 17:12 | Build | Mining Camp |
| 17:51 | Queue | Villager (Male) |
| 17:57 | Queue | Villager (Male) |
| 18:16 | Build | Watch Tower |
| 18:18 | Queue | Villager (Male) |
| 18:28 | Build | Market |
| 18:38 | Queue | Villager (Male) |
| 18:43 | Build | House |
| 19:06 | Build | Watch Tower |
| 19:24 | Research | Castle Age |
| 19:56 | Build | Stable |
| 20:12 | Research | Scale Barding Armor |
| 20:20 | Queue | Villager (Male) |
| 21:02 | Research | Bloodlines |
| 21:15 | Build | Watch Tower |
| 22:04 | Age | Castle Age |
| 22:09 | Queue | Knight |
| 22:11 | Research | Chain Barding Armor |
| 22:16 | Queue | Villager (Male) |
| 22:22 | Build | Town Center |
| 22:29 | Research | Bodkin Arrow |
| 22:43 | Queue | Knight |
| 22:43 | Queue | Knight |
| 23:00 | Build | Watch Tower |
| 23:01 | Queue | Villager (Male) |
| 23:18 | Research | Gold Mining |
| 23:29 | Queue | Knight |
| 23:31 | Queue | Villager (Male) |
| 23:50 | Build | Watch Tower |
| 23:53 | Queue | Villager (Male) |
| 23:55 | Queue | Villager (Male) |
| 24:14 | Queue | Villager (Male) |
| 24:17 | Queue | Villager (Male) |
| 24:25 | Queue | Villager (Male) |
| 24:51 | Build | House |
| 24:59 | Research | Chain Barding Armor |
| 25:06 | Build | House |
| 26:04 | Queue | Villager (Male) |
| 26:06 | Queue | Knight |
| 26:06 | Queue | Knight |
Match timeline
| 8:37 | th3g3ntl3man · first_building Barracks |
| 9:22 | MonoLink · age_up feudal |
| 9:48 | MonoLink · first_building Barracks |
| 10:13 | th3g3ntl3man · age_up feudal |
| 10:16 | th3g3ntl3man · first_building Archery Range |
| 12:57 | th3g3ntl3man · wall_segment Palisade Wall x1 |
| 18:17 | th3g3ntl3man · wall_segment Palisade Wall x1 |
| 19:09 | th3g3ntl3man · first_market_sell 100 stone |
| 19:10 | th3g3ntl3man · first_market_buy 100 food |
| 19:19 | MonoLink · first_market_sell 100 wood |
| 19:56 | MonoLink · first_building Stable |
| 22:04 | MonoLink · age_up castle |
| 25:08 | th3g3ntl3man · age_up castle |
| 26:08 | th3g3ntl3man · resign |
[ AI ANALYSIS · 1 CREDIT ]
What really happened in this match?
Wolo.gg analyzes every decision: build order, eco, micro, common mistakes by bracket. Personalized analysis on WhatsApp or Discord in 30 seconds.
Civ guide
Cumans
Perfil
Jugador #1434678